 Dungeon Crawl Stone Soup version 0.32-a0-876-gcfddb08e57 (webtiles) character file.

Game seed: 15472326850834043875

70 pokedragonboy the Grasshopper (level 4, 0/40 HPs)
             Began as a Naga Warper on Apr 2, 2024.
             Slain by an orc
             ... wielding a +0 hand axe
              (4 damage)
             ... on level 3 of the Dungeon.
             The game lasted 00:04:34 (2629 turns).

pokedragonboy the Grasshopper (Naga Warper)         Turns: 2629, Time: 00:04:35

Health: 0/40       AC:  4    Str: 15    XL:     4   Next: 21%
Magic:  7/7        EV:  8    Int: 14    God:
Gold:   73         SH:  0    Dex: 10    Spells: 7/7 levels left

rFire   + . .        a - +0 spear
rCold   . . .        (no shield)
rNeg    . . .        b - +0 leather armour
rPois   +            k - +0 helmet
rElec   .            (no cloak)
rCorr   .            (no gloves)
SInv    +            (no barding)
Will    .....        (no amulet)
Stlth   +            m - ring of protection from fire
HPRegen 0.26/turn    (no ring)
MPRegen 0.10/turn

%: no passive effects
@: very slow
A: AC +1, large, see invisible, deformed body, poison resistance, slowness 2,
spit poison 1, naga tail 1
a: Spit Poison


You were on level 3 of the Dungeon.
You visited 1 branch of the dungeon, and saw 3 of its levels.

You collected 73 gold pieces.

Inventory:

Hand Weapons
 a - a +0 spear (weapon)
 h - a +0 dagger
Missiles
 d - 5 darts of dispersal
Armour
 b - a +0 leather armour (worn)
 k - a +0 helmet (worn)
Jewellery
 m - a ring of protection from fire (left hand)
Talismans
 g - a beast talisman
Scrolls
 c - a scroll of blinking
 e - 2 scrolls of identify {unknown}
 f - 2 scrolls of immolation {unknown}
 l - a scroll of teleportation
 n - a scroll of noise {unknown}
Potions
 i - a potion of haste
 j - a potion of ambrosia {unknown}


   Skills:
 + Level 2.5 Fighting
 * Level 3.0 Polearms
 - Level 0.8 Throwing
 + Level 1.3 Armour
 + Level 2.0 Dodging
 - Level 2.0 Spellcasting
 + Level 3.3 Translocations


You had 7 spell levels left.
You didn't know any spells.
Your spell library contained the following spells:

 Spells                   Type           Power      Damage    Failure   Level
 Apportation              Tloc           20%        N/A       8%          1
 Blink                    Tloc           20%        N/A       11%         2
 Lesser Beckoning         Tloc           20%        N/A       11%         2
 Teleport Other           Tloc           10%        N/A       22%         3
 Jinxbite                 Hex            2%         N/A       41%         2
 Maxwell's Portable Pile  Tloc           10%        2d(7-13)  58%         4
 Vhi's Electric Charge    Tloc/Air       12%        N/A       82%         4
 Alistair's Intoxication  Alch           0%         N/A       100%        5


Dungeon Overview and Level Annotations

Branches:
Dungeon (3/15)

Altars:
Trog

Shops:
D:2 (


Innate Abilities, Weirdness & Mutations

Your serpentine skin is tough. (AC +1)
You have supernaturally acute eyesight. (SInv)
Armour fits poorly on your strangely shaped body.
Your system is resistant to poisons. (rPois)
You cover ground very slowly.
You can spit poison.
You have a snake-like lower body.


Message History

The orc is heavily wounded.
The orc hits you with a +0 hand axe.
* * * LOW HITPOINT WARNING * * *
The orc hits you with a +0 club.
* * * LOW HITPOINT WARNING * * *
Aiming: Spit Poison (1% risk of failure)
Press: ? - help, Q - select action, (/) - cycle Shift-Dir - straight line, f - orc
Aim: an orc, wielding a +0 club and wearing a +0 chain mail (70% to hit)
The splash of poison hits the orc but does no damage.
The orc closely misses you. The orc barely misses you.
Unknown command.
You hit the orc but do no damage.
The orc is heavily wounded.
The orc hits you with a +0 hand axe.
* * * LOW HITPOINT WARNING * * *
The orc closely misses you.
Unknown command.
You barely miss the orc.
The orc is heavily wounded.
The orc hits you but does no damage. The orc misses you.
Okay, then.
You can't do that yet.
Throw: 6 darts (disperse)
Press: ? - help, Shift-Dir - straight line, f/p - orc
Aim: an orc, wielding a +0 club and wearing a +0 chain mail (61% to hit)
You throw a dart of dispersal. The dart of dispersal hits the orc.
The orc blinks!
The orc completely misses you.
You hit the orc.
The orc is severely wounded.
The orc hits you with a +0 hand axe.
* * * LOW HITPOINT WARNING * * *
You hit the orc.
The orc is almost dead.
The orc closely misses you.
You closely miss the orc.
The orc is almost dead.
You have got your breath back.
The orc hits you with a +0 hand axe.
You die...

.. .# .# ## .#
#.###.# #### .....##
..# #..... ###'###
###.### #@o.).#
##......
###o.~..#####..####.
#.'.~♣~.).#.))## ##
#.#..~..#)).###
#.#.....#####
#.###'### #.......#
#......## ########


You could see 2 orcs.

Vanquished Creatures
  An adder (D:2)
  A dart slug (D:1)
  A ribbon worm (D:2)
  10 orcs (D:3)
  2 ball pythons
  5 endoplasms
  A giant cockroach (D:1)
  4 goblins
  A hobgoblin (D:2)
  3 jackals (D:2)
  3 quokkas (D:1)
  3 bats
  2 frilled lizards (D:2)
  A kobold (D:2)
  5 rats
43 creatures vanquished.

Notes
Turn   | Place    | Note
-------+----------+-------------------------------------------
     0 | D:1      | pokedragonboy the Naga Warper began the quest for the Orb.
     0 | D:1      | Reached XP level 1. HP: 19/19 MP: 3/3
   256 | D:1      | Reached XP level 2. HP: 26/26 MP: 5/5
   299 | D:1      | Reached skill level 1 in Armour
   419 | D:1      | Found a faded altar of an unknown god.
  1143 | D:2      | Reached XP level 3. HP: 11/32 MP: 6/6
  1471 | D:2      | Found Kemafa's Weapon Shoppe.
  1752 | D:2      | Found a bloodstained altar of Trog.
  2425 | D:3      | Reached XP level 4. HP: 5/40 MP: 7/7
  2629 | D:3      | Slain by an orc

Illustrated notes

Levels and vault maps discovered:
D:1:      lemuel_arrival_cross, layout_basic, shapermc_ecumenical_altar_gd
D:2:      layout_loops_corners, serial_shops, nicolae_shop_rolling_square,
          basic_altar
D:3:      layout_rooms, fedhas_altar_1, gup_sewer_entry_bowl,
          kennysheep_generic_room_13

Skill      XL: |  1  2  3  4 |
---------------+-------------+-----
Armour         | 1 |  1.3
Dodging        | 2 |  2.0
Polearms       | 3 |  3.0
Fighting       | |  2.5
Throwing       | |  0.8
Spellcasting   | |  2.0
Translocations | |  3.3

Action                     |  1- 3 |  4- 6 || total
---------------------------+-------+-------++-------
  Melee: Spear             |   169 |    31 ||   200
  Throw: Dart              |     1 |     1 ||     2
Ability: Spit Poison       |     3 |     1 ||     4
    Use: Scroll            |     1 |       ||     1
         Potion            |     1 |       ||     1
 Armour: Leather armour    |   116 |    27 ||   143
  Dodge: Dodged            |    62 |    14 ||    76

Table legend: (Time is in decaauts)
 A = Elapsed time spent in this place.
 B = Non-inter-level travel time spent in this place.
 C = Inter-level travel time spent in this place.
 D = Time resting spent in this place.
 E = Time spent auto-exploring this place.
 F = Levels seen in this place.
 G = Mean time per level.
                   A        B        C        D        E       F      G
               +--------+--------+--------+--------+--------+-----+--------+
         Total |   3315 |   3225 |     90 |    442 |   2377 |   3 | 1105.0 |
       Dungeon |   3315 |   3225 |     90 |    442 |   2377 |   3 | 1105.0 |
               +--------+--------+--------+--------+--------+-----+--------+

Top non-repeatable levels by time:
     D:2: 1534 daAuts
     D:1: 1507 daAuts
     D:3: 273 daAuts
